 Dungeon Crawl Stone Soup version 0.28-a0-1344-g6b9ff3a05d (webtiles) character file.

Game seed: 16425363870724256603

87 Deminshera the Sneak (level 4, -1/26 HPs)
             Began as a Kobold Brigand on Dec 29, 2021.
             Slain by a wyvern zombie (7 damage)
             ... on level 3 of the Dungeon.
             The game lasted 00:03:23 (2782 turns).

Deminshera the Sneak (Kobold Brigand)               Turns: 2782, Time: 00:03:23

Health: -1/26      AC:  3    Str: 10    XL:     4   Next: 80%
Magic:  4/4        EV: 14    Int: 12    God:
Gold:   53         SH:  0    Dex: 16    Spells: 3/3 levels left

rFire   . . .      SeeInvis .   a - +2 dagger
rCold   . . .      Faith    .   (no shield)
rNeg    . . .      Spirit   .   b - +0 robe
rPois   .          Reflect  .   (no helmet)
rElec   .          Harm     .   c - +0 cloak
rCorr   .          Rampage  .   (no gloves)
Will    .....                   (no boots)
Stlth   +++++.....              (no amulet)
HPRegen 0.08/turn               (no ring)
MPRegen 0.09/turn               (no ring)

@: no status effects
A: small, no large weapons, nightstalker 3
a: no special abilities


You were on level 3 of the Dungeon.
You visited 1 branch of the dungeon, and saw 3 of its levels.

You collected 53 gold pieces.

Inventory:

Hand Weapons
 a - a +2 dagger (weapon)
Missiles
 d - 4 poisoned darts
 e - 2 curare-tipped darts
 l - 3 silver boomerangs (quivered)
Armour
 b - a +0 robe (worn)
 c - a +0 cloak (worn)
Scrolls
 g - a scroll of teleportation {unknown}
 j - a scroll of summoning {unknown}
 k - a scroll of immolation {unknown}
Potions
 f - a potion of haste {unknown}
 h - a potion of curing {unknown}
 i - a potion of lignification {unknown}


   Skills:
 - Level 2.1 Fighting
 - Level 2.6 Short Blades
 + Level 3.7 Throwing
 - Level 1.2 Dodging
 - Level 7.0 Stealth


You had 3 spell levels left.
You didn't know any spells.
Your spell library was empty.

Dungeon Overview and Level Annotations

Branches:
Dungeon (3/15)

Altars:
Gozag

Shops:
D:2 *


Innate Abilities, Weirdness & Mutations

You are small and have problems with some larger weapons.
You are completely attuned to the shadows.


Message History

Throw: 3 boomerangs (silver)
Press: ? - help, Q - select action, (/) - cycle Shift-Dir - straight line, f - wyvern zombie
Aim: a wyvern zombie (wandering, hasn't noticed you, 79% to hit)
You throw a silver boomerang.
The silver boomerang hits the wyvern zombie.
The wyvern zombie is lightly damaged.
Throw: 3 boomerangs (silver)
Press: ? - help, Q - select action, (/) - cycle Shift-Dir - straight line, f/p - wyvern zombie
Aim: a wyvern zombie (lightly damaged, 79% to hit)
You throw a silver boomerang.
The silver boomerang barely misses the wyvern zombie.
Throw: 3 boomerangs (silver)
Press: ? - help, Q - select action, (/) - cycle Shift-Dir - straight line, f/p - wyvern zombie
Aim: a wyvern zombie (lightly damaged, 79% to hit)
You throw a silver boomerang.
The silver boomerang completely misses the wyvern zombie.
The wyvern zombie bites you!
Ouch! That really hurt!
Throw: 3 boomerangs (silver)
Press: ? - help, Q - select action, (/) - cycle Shift-Dir - straight line, f/p - wyvern zombie
Aim: a wyvern zombie (lightly damaged, 79% to hit)
You throw a silver boomerang.
The silver boomerang hits the wyvern zombie but does no damage.
The wyvern zombie is lightly damaged.
The wyvern zombie misses you. The wyvern zombie bites you.
* * * LOW HITPOINT WARNING * * *
Throw: 3 boomerangs (silver)
Press: ? - help, Q - select action, (/) - cycle Shift-Dir - straight line, f/p - wyvern zombie
Aim: a wyvern zombie (lightly damaged, 79% to hit)
You throw a silver boomerang.
The silver boomerang barely misses the wyvern zombie.
The wyvern zombie barely misses you.
Throw: 3 boomerangs (silver)
Press: ? - help, Q - select action, (/) - cycle Shift-Dir - straight line, f/p - wyvern zombie
Aim: a wyvern zombie (lightly damaged, 79% to hit)
You throw a silver boomerang.
The silver boomerang hits the wyvern zombie.
The wyvern zombie is moderately damaged.
The wyvern zombie bites you!
You die...

..........._.....#
#
######.#.......#.#
##.#.8...8.###
#..##.....## ...
#...###.### #.#
#...#.#.#.# #.#
######...## #.#
#####
#..######†###:..#
#....)>@Z.....#
##.######.#.......
#.# #.#.#####o #.#
#...# .. ###.#


You could see a wyvern zombie.

Vanquished Creatures
  An orc wizard (D:3)
  An adder (D:3)
  A gnoll (D:1)
  A worm (D:2)
  A dart slug (D:2)
  An orc (D:2)
  An endoplasm (D:2)
  A giant cockroach (D:1)
  6 goblins (D:1)
  4 hobgoblins
  2 jackals (D:2)
  5 quokkas
  4 ball pythons (D:1)
  3 bats
  4 frilled lizards
  2 kobolds
  2 rats (D:2)
40 creatures vanquished.

Notes
Turn   | Place    | Note
-------+----------+-------------------------------------------
     0 | D:1      | Deminshera the Kobold Brigand began the quest for the Orb.
     0 | D:1      | Reached XP level 1. HP: 12/12 MP: 1/1
    33 | D:1      | Reached skill level 6 in Stealth
    33 | D:1      | Reached XP level 2. HP: 17/17 MP: 2/2
   141 | D:1      | Reached XP level 3. HP: 13/21 MP: 3/3
  1043 | D:2      | Found Mecuuhof's General Store.
  1075 | D:2      | Found a faded altar of an unknown god.
  2040 | D:2      | Reached skill level 7 in Stealth
  2137 | D:2      | Reached XP level 4. HP: 18/26 MP: 4/4
  2653 | D:3      | Found an opulent altar of Gozag.
  2782 | D:3      | Slain by a wyvern zombie

Illustrated notes

Levels and vault maps discovered:
D:1:      psy_arrival_statuary, layout_rooms
D:2:      layout_basic, hellmonk_ecumenical_altar_dog_temple, serial_shops,
          nicolae_square_shop
D:3:      layout_loops_ring, nicolae_ru_great_annihilating_truth,
          grunt_gozag_statues, serial_shops, shop, grunt_decor_mini_mirrors

Skill      XL: |  1  2  3  4 |
---------------+-------------+-----
Stealth        | 6 7 |  7.0
Throwing       | 3 |  3.7
Fighting       | |  2.1
Short Blades   | |  2.6
Dodging        | |  1.2

Action                   |  1- 3 |  4- 6 || total
-------------------------+-------+-------++-------
Melee: Dagger            |    79 |     4 ||    83
Throw: Dart              |    35 |     2 ||    37
       Boomerang         |       |    16 ||    16
 Stab: Sleeping          |     7 |       ||     7
Armor: Robe              |    15 |     1 ||    16
Dodge: Dodged            |    74 |     7 ||    81

Table legend: (Time is in decaauts)
 A = Elapsed time spent in this place.
 B = Non-inter-level travel time spent in this place.
 C = Inter-level travel time spent in this place.
 D = Time resting spent in this place.
 E = Time spent auto-exploring this place.
 F = Levels seen in this place.
 G = Mean time per level.
                   A        B        C        D        E       F      G
               +--------+--------+--------+--------+--------+-----+--------+
         Total |   2768 |   2735 |     33 |   1465 |    970 |   3 |  922.7 |
       Dungeon |   2768 |   2735 |     33 |   1465 |    970 |   3 |  922.7 |
               +--------+--------+--------+--------+--------+-----+--------+

Top non-repeatable levels by time:
     D:2: 1601 daAuts
     D:1: 1032 daAuts
     D:3: 134 daAuts
